 Dungeon Crawl Stone Soup version 0.26.0-3-g156281e41b (webtiles) character file.

Game seed: 11098441404891877754

672 jackrogers the Cleaver (level 7, -2/57 HPs)
             Began as a Hill Orc Fighter on Jan 10, 2021.
             Killed by divine providence
             ... invoked by an orc priest
              (10 damage)
             ... on level 5 of the Dungeon.
             The game lasted 00:07:03 (4935 turns).

jackrogers the Cleaver (Hill Orc Fighter)           Turns: 4935, Time: 00:07:04

Health: -2/57      AC:  9    Str: 21    XL:     7   Next: 59%
Magic:  0/7        EV:  7    Int:  8    God:
Gold:   224        SH: 10    Dex: 10    Spells: 6/6 levels left

rFire    . . .     SeeInvis +   a - +0 war axe
rCold    . . .     Faith    .   c - +1 kite shield
rNeg     . . .     Spirit   +   b - +0 scale mail
rPois    .         Reflect  .   (no helmet)
rElec    .         Harm     .   (no cloak)
rCorr    .         Rampage  .   h - +0 pair of gloves
Will     .....                  n - +0 pair of boots
Stlth    ..........             l - amulet of guardian spirit {Spirit}
HPRegen  0.19/turn              i - ring of see invisible {sInv, !d}
MPRegen  0.10/turn              (no ring)

@: mighty, slowed, very slow
A: no striking features
a: Convert to Beogh


You were on level 5 of the Dungeon.
You visited 1 branch of the dungeon, and saw 5 of its levels.
You also visited: Sewer.

You collected 224 gold pieces.

Inventory:

Hand Weapons
 a - a +0 war axe (weapon)
Missiles
 k - 34 stones (quivered)
 p - 7 boomerangs
 u - a curare-tipped dart
Armour
 b - a +0 scale mail (worn)
 c - a +1 kite shield (worn)
 h - a +0 pair of gloves (worn)
   (You found it on level 2 of the Dungeon)
 n - a +0 pair of boots (worn)
   (You found it on level 2 of the Dungeon)
 r - a +0 buckler
   (You found it on level 3 of the Dungeon)
Jewellery
 i - a ring of see invisible (left hand) {sInv, !d}
   (You found it on level 2 of the Dungeon)
 l - an amulet of guardian spirit (around neck) {Spirit}
   (You found it on level 2 of the Dungeon)
Wands
 s - a wand of paralysis (4)
   (You took it off Ijyb on level 4 of the Dungeon)
Scrolls
 e - 4 scrolls of remove curse
 m - a scroll of blinking {unknown}
 o - 4 scrolls of enchant armour
 w - 2 scrolls of immolation {unknown}
 x - a scroll of identify
Potions
 f - a potion of magic {unknown}
 g - 2 potions of curing
 j - a potion of mutation {unknown}
 q - 4 potions of flight
 t - a potion of heal wounds {unknown}
 v - a potion of brilliance {unknown}


   Skills:
 - Level 3.6 Fighting
 * Level 10.4 Axes
 - Level 3.2 Armour
 - Level 4.0 Shields


You had 6 spell levels left.
You didn't know any spells.
Your spell library contained the following spells:

 Spells                   Type           Power        Failure   Level
 Corona                   Hex            0%           99%         1
 Ensorcelled Hibernation  Hex/Ice        0%           100%        2
 Confusing Touch          Hex            0%           100%        3
 Dazzling Flash           Conj/Hex       0%           100%        3
 Tukima's Dance           Hex            0%           100%        3


Dungeon Overview and Level Annotations

Branches:
Dungeon (5/15)              Sewer (visited)
 Temple: D:4-7

Altars:


Message History

No target in view!
No target in view!
No target in view!
k - 34 stones (gained 1) As you open the door, it creaks loudly!
A necrophage comes into view.
There is an open door here.
A necrophage is nearby!
A necrophage is nearby!
You throw a stone.
The stone hits the necrophage but does no damage.
You throw a stone.
The stone closely misses the necrophage.
You hit the necrophage. The necrophage barely misses you.
The necrophage hits you.
You feel drained.
You closely miss the necrophage.
The necrophage hits you but does no damage.
You closely miss the necrophage. The necrophage hits you.
You slash the necrophage! You block the necrophage's attack.
You hit the necrophage but do no damage.
The necrophage hits you but does no damage.
You hit the necrophage. The necrophage hits you.
You feel drained.
You hit the necrophage. The necrophage barely misses you.
You barely miss the necrophage. You block the necrophage's attack.
Your shield prevents you from hitting the necrophage.
The necrophage hits you but does no damage.
You slice the necrophage!!
You destroy the necrophage!
Your life force feels restored.
You see here a necrophage corpse.
You start resting.
k - 33 stones (gained 1)
k - 34 stones (gained 1)
You open the door.
An orc, 2 orc priests and an orc wizard come into view.
The orc is wielding a +0 flail of protection.
The orc wizard shouts!
The orc priest shouts!
The orc shouts!
The orc priest shouts!
The orc priest invokes the aid of Beogh against you.
Beogh smites you!
Warning x3: The orc wizard might cast Slow, Confuse, Throw Flame, or Throw Frost!
The orc priest can smite you! x2
There are monsters nearby!
Warning x3: The orc wizard might cast Slow, Confuse, Throw Flame, or Throw Frost!
The orc priest can smite you! x2
There are monsters nearby!
Warning x3: The orc wizard might cast Slow, Confuse, Throw Flame, or Throw Frost!
The orc priest can smite you! x2
There are monsters nearby!
Warning x3: The orc wizard might cast Slow, Confuse, Throw Flame, or Throw Frost!
The orc priest can smite you! x2
Unknown command.
Warning x3: The orc wizard might cast Slow, Confuse, Throw Flame, or Throw Frost!
The orc priest can smite you! x2
The orc wizard barely misses you.
You see here a necrophage corpse.
Warning x3: The orc wizard might cast Slow, Confuse, Throw Flame, or Throw Frost!
The orc priest can smite you! x2
There is an open door, spattered with blood here.
Spoiler Alert: The orc wizard might cast Slow, Confuse, Throw Flame, or Throw Frost!
You closely miss the orc wizard.
The orc wizard hits you but does no damage.
Warning x2: The orc wizard might cast Slow, Confuse, Throw Flame, or Throw Frost!
The orc priest can smite you!
You closely miss the orc wizard.
The orc wizard hits you with a +0 dagger.
The orc priest mumbles some strange prayers to Beogh against you.
Beogh smites you!
Warning x3: The orc wizard might cast Slow, Confuse, Throw Flame, or Throw Frost!
The orc priest can smite you! x2
You closely miss the orc wizard. The orc wizard casts a spell at you.
You feel yourself slow down.
Warning x2: The orc wizard might cast Slow, Confuse, Throw Flame, or Throw Frost!
The orc priest can smite you!
You closely miss the orc wizard.
The orc wizard hits you with a +0 dagger.
Warning x3: The orc wizard might cast Slow, Confuse, Throw Flame, or Throw Frost!
The orc priest can smite you! x2
You slash the orc priest!
You hit the orc wizard but do no damage.
The orc priest shouts, "Join the one true god or die!"
You block the orc priest's attack.
The orc wizard hits you but does no damage.
The orc priest calls upon Beogh to heal the orc priest.
The orc priest is healed somewhat.
The orc priest hits you but does no damage.
The orc wizard gestures at you while chanting.
The magic dart hits you!
Warning x3: The orc wizard might cast Slow, Confuse, Throw Flame, or Throw Frost!
The orc priest can smite you! x2
You hit the orc priest. You closely miss the orc wizard.
The orc priest invokes the aid of Beogh against you.
Beogh smites you!
* * * LOW HITPOINT WARNING * * *
The orc wizard hits you but does no damage.
Warning x3: The orc wizard might cast Slow, Confuse, Throw Flame, or Throw Frost!
The orc priest can smite you! x2
You feel very mighty all of a sudden.
The orc priest mumbles some strange prayers to Beogh against you.
Beogh smites you!
* * * LOW HITPOINT WARNING * * *
The orc priest hits you but does no damage.
The orc wizard casts a spell at you. You resist with some effort.
The orc wizard casts a spell.
The orc wizard seems to speed up.
The orc priest invokes the aid of Beogh against you.
Beogh smites you!
You die...

#. #.##### #.....#
#.....# #.....#
##.....###############
#......'oo.o.........#
###...o#############.#
.......o@......#.....<#
####...o#####....####.#
#..................#
###...........######
#.................#
#...........#####.#
#...........#
#...........#
########....#


You could see 2 orc priests and an orc wizard (fast).

Vanquished Creatures
  A necrophage (D:5)
  A bullfrog (Sewer)
  2 orc priests (D:3)
  3 orc wizards
  An iguana (D:4)
  Ijyb (D:4)
  A worker ant (D:4)
  Natasha (twice) (D:3)
  A hound skeleton (D:4)
  12 adders
  An ufetubus (D:4)
  An ooze (D:1)
  An adder skeleton (D:4)
  3 worms
  6 dart slugs
  4 leopard geckos
  9 orcs
  8 ball pythons
  13 bats
  7 giant cockroaches
  2 goblins
  7 hobgoblins
  6 jackals
  5 quokkas
  7 frilled lizards
  8 kobolds
  4 rats
117 creatures vanquished.

Notes
Turn   | Place    | Note
-------+----------+-------------------------------------------
     0 | D:1      | jackrogers the Hill Orc Fighter began the quest for the
                  | Orb.
     0 | D:1      | Reached XP level 1. HP: 19/19 MP: 1/1
    14 | D:1      | Reached skill level 3 in Axes
    91 | D:1      | Reached XP level 2. HP: 21/26 MP: 2/2
   249 | D:1      | Reached skill level 4 in Axes
   447 | D:1      | Reached XP level 3. HP: 26/31 MP: 3/3
   689 | D:1      | Reached skill level 5 in Axes
  1197 | D:2      | Reached XP level 4. HP: 39/39 MP: 4/4
  1597 | D:2      | Reached skill level 6 in Axes
  2179 | D:3      | Reached XP level 5. HP: 38/45 MP: 5/5
  2191 | D:3      | Reached skill level 7 in Axes
  2794 | D:3      | Noticed Natasha
  2802 | D:3      | Killed Natasha
  2803 | D:3      | Reached XP level 6. HP: 46/51 MP: 4/6
  2871 | D:3      | Reached skill level 8 in Axes
  3162 | D:3      | Found a faded altar of an unknown god.
  3227 | D:3      | Noticed Natasha
  3232 | D:3      | Killed Natasha
  3551 | D:4      | Reached skill level 4 in Shields
  3585 | D:4      | Found a glowing drain.
  3598 | Sewer    | Entered a sewer
  3975 | Sewer    | Reached skill level 9 in Axes
  4224 | D:4      | Reached XP level 7. HP: 57/57 MP: 7/7
  4248 | D:4      | Noticed Ijyb
  4283 | D:4      | Killed Ijyb
  4445 | D:4      | Reached skill level 10 in Axes
  4807 | D:5      | Entered Level 5 of the Dungeon
  4935 | D:5      | HP: 8/57 [orc priest/divine providence (9)]
  4935 | D:5      | Killed from afar by an orc priest

Illustrated notes

Levels and vault maps discovered:
D:1:      kennysheep_arrival_forest, layout_basic, kennysheep_decorative_pillar
D:2:      layout_loops_ring
D:3:      layout_basic, chequers_ecumenical_altar_simple_redux, uniq_natasha
D:4:      layout_basic, cheibrodos_sewer_entry_drain, minmay_crossroads,
          uniq_ijyb
D:5:      layout_basic, kennysheep_ying_yang, minmay_lizard_king

Skill      XL: |  1  2  3  4  5  6  7 |
---------------+----------------------+-----
Axes           | 3 4 5 6 7 9 10 | 10.4
Shields        | 4 |  4.0
Fighting       | |  3.6
Armour         | |  3.2

Action                   |  1- 3 |  4- 6 |  7- 9 || total
-------------------------+-------+-------+-------++-------
Melee: War axe           |    89 |   239 |    78 ||   406
Throw: Stone             |    11 |   129 |    21 ||   161
  Use: Scroll            |     3 |     4 |       ||     7
       Potion            |       |       |     1 ||     1
Armor: Scale mail        |    50 |    87 |    24 ||   161
Dodge: Dodged            |    25 |    74 |    15 ||   114
Block: Kite shield       |    34 |    75 |    28 ||   137
       Buckler           |       |    12 |       ||    12

Table legend: (Time is in decaauts)
 A = Elapsed time spent in this place.
 B = Non-inter-level travel time spent in this place.
 C = Inter-level travel time spent in this place.
 D = Time resting spent in this place.
 E = Time spent auto-exploring this place.
 F = Levels seen in this place.
 G = Mean time per level.
                   A        B        C        D        E       F      G
               +--------+--------+--------+--------+--------+-----+--------+
         Total |   5162 |   4922 |    240 |    639 |   3238 |   6 |  860.3 |
       Dungeon |   4438 |   4198 |    240 |    549 |   2752 |   5 |  887.6 |
         Sewer |    723 |    723 |      0 |     90 |    485 |   1 |  723.0 |
               +--------+--------+--------+--------+--------+-----+--------+

Top non-repeatable levels by time:
     D:3: 1597 daAuts
     D:2: 1134 daAuts
     D:1: 904 daAuts
   Sewer: 723 daAuts
     D:4: 671 daAuts
     D:5: 131 daAuts

Table legend:
 A = Kills in this place as a percentage of kills in entire the game.
 B = Kills by you in this place as a percentage of kills by you in the entire game.
 C = Kills by friends in this place as a percentage of kills by friends in the entire game.
 D = Other kills in this place as a percentage of other kills in the entire game.
 E = Experience gained in this place as a percentage of experience gained in the entire game.
 F = Experience gained in this place divided by the number of levels of this place that you have seen.
                   A       B       C       D       E      F
               +-------+-------+-------+-------+-------+----------------------
         Total | 100.0 | 100.0 |   N/A |   N/A | 100.0 | 160.2
       Dungeon |  83.8 |  83.8 |   N/A |   N/A |  86.1 | 165.4
         Sewer |  16.2 |  16.2 |   N/A |   N/A |  13.9 | 134.0
               +-------+-------+-------+-------+-------+----------------------
